[Event "FIDE WCCC U10 2018"]
[Site "Santiago de Compostela"]
[Date "2018.11.04"]
[Round "1"]
[White "Brozynski, Patryk"]
[Black "Xiao, Tong(QD)"]
[Result "0-1"]
[ECO "B28"]
[WhiteElo "1510"]
[BlackElo "2022"]
[Annotator "NA"]
[PlyCount "92"]
[EventDate "2018.11.04"]
[EventType "swiss"]
[EventCountry "ESP"]
[SourceTitle "playchess.com"]
[Source "ChessBase"]
[SourceQuality "1"]
[TimeControl "40/5400+30:1800+30"]

1. e4 c5 2. Nf3 a6 3. d4 cxd4 4. Nxd4 Nf6 5. Nc3 e5 6. Nf5 (6. Nde2 $11) 6... d5 $1 {[%emt 0:00:44] LiveBook: 5 Games} 7. Ng3 {[%emt 0:03:19] [#]} d4 $1 {[%emt 0:01:09] B28: Sizilianisch (Frühes a7-a6)} (7... Bb4 8. Bd2 d4 9. Nb1 Qb6 10. Bd3 Bxd2+ 11. Nxd2 Qxb2 12. Rb1 Qc3 13. O-O Qc7 14. f4 Nc6 15. Nh5 Nxh5 16. Qxh5 exf4 {0-1 (32) Ljubic,J (2221)-Schweda,R (2416) Austria 2006}) 8. Nb1 Be6 9. Be2 Nbd7 10. a3 $146 ({Vorgänger:} 10. Bg5 Be7 11. f3 O-O 12. Nd2 b5 13. h4 h6 14. Bxf6 Bxf6 15. h5 {0-1 (37) Duncovich,M (1757)-McLaughlin,E (1663) ICCF email 2007}) 10... Be7 11. O-O Qb6 12. Kh1 O-O 13. Nd2 Rac8 14. Nf5 Rfe8 15. Nxe7+ Rxe7 16. f3 Qc6 17. Bd3 Nc5 18. Re1 Nh5 19. Nf1 Nxd3 20. cxd3 Qc2 21. Qxc2 Rxc2 22. b4 Rec7 23. Bg5 R7c3 24. Red1 h6 25. Be7 (25. Bd2 $142 Rxd3 26. a4) 25... Nf4 26. g3 Nxd3 27. Kg1 Bh3 28. Rd2 Rxd2 29. Nxd2 Rc2 30. Nb3 Rg2+ 31. Kf1 Rxh2+ 32. Kg1 Rg2+ 33. Kf1 Rb2+ 34. Kg1 Rxb3 35. Kh2 Be6 36. a4 Rb2+ 37. Kg1 Nxb4 38. Rc1 Nc6 39. g4 d3 40. Ba3 Rc2 41. Rd1 Bc4 42. Bc1 Nd4 43. Be3 Nxf3+ 44. Kf1 Rh2 45. Rc1 d2+ {[%emt 0:00:05] Bxd2 [%clk 0:38:45]} 46. Rxc4 d1=Q# 0-1

[Event "FIDE WCCC U10 2018"]
[Site "Santiago de Compostela"]
[Date "2018.11.04"]
[Round "1"]
[White "Huang, Brian"]
[Black "Pingin, Artem"]
[Result "0-1"]
[ECO "B40"]
[WhiteElo "1503"]
[BlackElo "1981"]
[Annotator "NA RC"]
[PlyCount "156"]
[EventDate "2018.11.04"]
[EventType "swiss"]
[EventCountry "ESP"]
[SourceTitle "playchess.com"]
[Source "ChessBase"]
[SourceQuality "1"]
[TimeControl "40/5400+30:1800+30"]

1. e4 c5 2. Nf3 e6 3. c3 Nf6 4. e5 Nd5 5. d4 cxd4 6. cxd4 d6 7. Bc4 Nc6 8. O-O {[%emt 0:01:11] LiveBook: 1961 Games} Be7 9. b3 {[%emt 0:04:24] B22: Sicilian: 2 c3} (9. Qe2 O-O 10. a3 Bd7 11. exd6 Bxd6 12. Nc3 Nce7 13. Ne4 Bc6 14. Ne5 Rc8 15. Rd1 Bb8 16. Ng5 Be8 17. Bd3 Nf6 18. Ngf3 Ned5 19. Bd2 a6 20. Rac1 Rxc1 21. Rxc1 Qb6 22. Nc4 Qd8 23. Nce5 Qb6 24. Nc4 Qd8 {½-½ (24) Vachier Lagrave,M (2789)-Caruana,F (2816) Leuven 2018}) 9... O-O 10. Bb2 Qc7 $146 ({Predecessor:} 10... Na5 11. Bd3 b6 12. Nc3 Nxc3 13. Bxc3 Bb7 14. Qe2 Rc8 15. Bb2 Nc6 16. a3 dxe5 17. dxe5 {0-1 (60) Maric,M (2316)-Stankovic,M (2189) Vrnjacka Banja 1999}) 11. Nbd2 dxe5 12. dxe5 Rd8 13. Rc1 a6 14. Qc2 Ndb4 15. Qb1 b5 16. Be2 Bb7 17. Rfd1 Qb6 18. Ne4 h6 19. h3 Nd5 20. Nh2 Rac8 $2 (20... Nf4 $17 21. Bf3 Nb4) 21. Ng4 (21. Bf3 $11) 21... Nf4 22. Bf1 Nb4 23. Rxc8 Bxc8 24. Nef6+ gxf6 25. Nxh6+ Kg7 26. exf6+ Bxf6 27. Ng4 e5 28. Nxe5 $2 (28. Nxf6 $11 {und Weiss muss sich keine Sorgen machen.} Rxd1 {[#]} 29. Nh5+ $1 Nxh5 30. Qxd1) 28... Rxd1 29. Qxd1 Ng6 ({Weaker is} 29... Nxa2 30. Qd2 $11) 30. Nxg6 fxg6 ({Black should play} 30... Bxb2 $19 31. Nf4 Be5 32. Nh5+ Kf8) 31. Bc1 $2 (31. Bxf6+ $17 {ist wohl besser.} Qxf6 32. a4) 31... Qd4 (31... Nxa2 $142 32. Be3 Nc3) 32. Qf3 Nd5 33. Qe2 Bd7 34. Qc2 Qc3 35. Qd1 Be6 36. Bd2 Qa1 37. Qe2 Qe5 38. Qf3 Bg5 (38... Qb2 $19 39. Qe2 Bf7) 39. Ba5 (39. Bxg5 $17 {was called for.} Qxg5 40. a4) 39... Bf7 40. Qd3 Bf6 41. Bd2 Nc3 42. Qc2 Bd5 43. Bd3 Be4 44. Bxe4 Qxe4 45. Qxe4 Nxe4 46. Be3 Nc3 47. a3 Nb1 48. a4 bxa4 49. bxa4 Nc3 50. a5 Nd5 51. Bc5 Bd8 52. Kf1 Bxa5 53. Ke2 Kf6 54. h4 Kf5 55. f3 Nf4+ 56. Kf1 Bd8 57. g4+ Ke5 58. h5 gxh5 59. gxh5 Nxh5 60. Ke2 Kd5 61. Ba3 a5 62. Kd3 Bf6 63. Kc2 Kc4 64. Bc1 Be5 65. Bg5 a4 66. Be7 Nf4 67. Ba3 Nd3 68. f4 Bxf4 69. Be7 Be3 70. Bf6 a3 71. Bc3 a2 72. Bb2 Bd4 73. Ba1 Bxa1 74. Kd2 Bd4 75. Ke2 Ne5 76. Kd2 a1=Q 77. Ke2 Qb2+ 78. Kd1 Kd3 0-1

[Event "FIDE WCCC U10 2018"]
[Site "Santiago de Compostela"]
[Date "2018.11.04"]
[Round "1"]
[White "Ribstein, Orel"]
[Black "Vagman, Roy"]
[Result "1-0"]
[ECO "D72"]
[WhiteElo "1494"]
[BlackElo "1970"]
[Annotator "NA RC"]
[PlyCount "95"]
[EventDate "2018.11.04"]
[EventType "swiss"]
[EventCountry "ESP"]
[SourceTitle "playchess.com"]
[Source "ChessBase"]
[SourceQuality "1"]
[TimeControl "40/5400+30:1800+30"]

1. d4 Nf6 2. c4 g6 3. g3 Bg7 4. Bg2 d5 5. cxd5 Nxd5 6. e4 Nb6 7. Ne2 O-O 8. O-O Re8 {[%emt 0:02:38] D72: Fianchetto Grünfeld: 5 cxd5 Nxd5 6 e4 Nb6 (without Nf3)} (8... c5 9. d5 e6 10. Nec3 Na6 11. Na3 exd5 12. exd5 Bf5 13. Be3 Qd7 14. Qb3 Bd4 15. Rad1 Bxe3 16. fxe3 Nb4 17. e4 Bg4 18. Rd2 Nc6 {1-0 (56) Plat,V (2543)-Paravyan,D (2638) Pardubice 2018}) 9. Nbc3 Nc6 10. d5 Na5 11. Qe1 $146 ({Predecessor:} 11. b3 c6 12. Be3 cxd5 13. exd5 Bd7 14. Bd4 Bf8 15. Nf4 Nc8 16. b4 {½-½ (72) Lemos,D (2371)-Hungaski,R (2366) Pinamar 2006}) 11... c6 12. dxc6 Nxc6 13. b3 Nb4 14. Qd1 Qc7 15. Bf4 e5 16. Be3 Be6 17. Rc1 Qe7 18. Nd5 Bxd5 (18... N4xd5 $11 {remains equal.} 19. exd5 Red8) 19. exd5 Rac8 20. Qd2 Qd6 (20... Bf8 $16) 21. Rfd1 Na6 (21... e4 $16) 22. Nc3 Qd7 23. Bf1 Red8 24. d6 Nc5 25. Bb5 ({Better is} 25. b4 $18 Na6 26. Bb5) 25... Qe6 26. Na4 $2 (26. b4 $18 Ncd7 27. Ne4) 26... Ncxa4 27. bxa4 Rxc1 28. Qxc1 Rxd6 29. Rxd6 Qxd6 30. a5 Nd7 $2 (30... Nd5 $11) 31. Qc8+ Nf8 32. Qxb7 Qb4 33. a6 Ne6 34. Bxa7 e4 35. Be3 Bd4 36. Bxd4 Nxd4 37. a7 Nf3+ 38. Kg2 Ne1+ 39. Kh3 Nf3 40. a8=Q+ Kg7 41. Bf1 (41. Qe8 $142 Ng5+ 42. Kg2 Qc3 43. Be2 Qf6 44. Qbb8 Kh6 45. Qf4 Kg7 {[#]} 46. Qh8+ $1 Kxh8 47. Qxf6+ Kg8 48. Qxg5) 41... Qc5 (41... Qd2 $142 42. Qxe4 Ng5+ 43. Kg2 Nxe4 44. Qxe4 Qxa2 45. Qd4+ f6) 42. Qb2+ Kh6 43. Kg2 Qf5 44. Qf8+ Kh5 45. Qb5 Ne5 46. Be2+ Kg5 47. h4+ Kf6 48. Qb6+ 1-0

[Event "FIDE WCCC U10 2018"]
[Site "Santiago de Compostela"]
[Date "2018.11.04"]
[Round "1"]
[White "Baryschyk, Sergey"]
[Black "Chandra, Anand Rishi"]
[Result "1-0"]
[ECO "D01"]
[WhiteElo "1468"]
[BlackElo "1953"]
[Annotator "NA"]
[PlyCount "71"]
[EventDate "2018.11.04"]
[EventType "swiss"]
[EventCountry "ESP"]
[SourceTitle "playchess.com"]
[Source "ChessBase"]
[SourceQuality "1"]
[TimeControl "40/5400+30:1800+30"]

1. d4 d5 2. Nc3 Nf6 3. Bg5 Nbd7 4. f3 e6 5. e4 dxe4 6. fxe4 h6 {D01: Veresov Opening} 7. Bf4 Bb4 8. Bd3 c5 9. a3 Ba5 10. b4 cxb4 11. Nb5 b3+ $146 ({Predecessor:} 11... bxa3+ 12. c3 O-O 13. Rxa3 {0-1 (21) Portisch,G (2295)-Szabo,Z (2405) Hungary 1998}) 12. c3 b2 13. Rb1 a6 14. Nd6+ Kf8 15. Ne2 Nh5 16. O-O f6 17. g4 Nxf4 18. Nxf4 Kg8 19. Ng6 $2 (19. e5 $18) 19... Rh7 $2 (19... Bxc3 $17 {and life is bright.} 20. Kg2 Bxd4) 20. e5 Bxc3 21. Ne7+ (21. Be4 $142) 21... Qxe7 22. Bxh7+ Kh8 {[%emt 0:00:50] [#]} 23. Qd3 (23. Bc2 $1 $18) 23... Bxd4+ $1 24. Qxd4 Kxh7 25. exf6 ({Much worse is} 25. Rxb2 Nxe5 26. Rc2 Bd7 $15) 25... Nxf6 26. Rxb2 e5 27. Re2 Nxg4 $2 (27... Bxg4 $11 {and Black is okay.} 28. Rxe5 Qc7) 28. Nxc8 Qg5 29. Qe4+ Kg8 30. Ne7+ $18 Kh8 31. Qg2 h5 32. h3 Qxe7 33. hxg4 Qc5+ 34. Kh1 Qxa3 35. Rxe5 hxg4 36. Rh5+ 1-0

[Event "FIDE WCCC U10 2018"]
[Site "Santiago de Compostela"]
[Date "2018.11.04"]
[Round "1"]
[White "Cacheiro Blanco, Diego"]
[Black "Mogirzan, Matei-Valeriu"]
[Result "0-1"]
[ECO "B81"]
[WhiteElo "1453"]
[BlackElo "1939"]
[Annotator "NA RC"]
[PlyCount "70"]
[EventDate "2018.11.04"]
[EventType "swiss"]
[EventCountry "ESP"]
[SourceTitle "playchess.com"]
[Source "ChessBase"]
[SourceQuality "1"]
[TimeControl "40/5400+30:1800+30"]

1. e4 c5 2. Nf3 d6 3. d4 cxd4 4. Nxd4 Nf6 5. Nc3 e6 6. g4 Nc6 7. g5 Nd7 8. Be3 a6 9. f4 {[%emt 0:02:03] LiveBook: 15 Games} Qc7 10. Qd2 b5 11. O-O-O Nc5 12. a3 Bb7 13. Bg2 Na5 14. b3 e5 $15 15. Ndxb5 axb5 16. Nxb5 Ncxb3+ 17. Kb1 Nxd2+ 18. Rxd2 Qb8 19. Kc1 Nc4 20. Rd3 Bc6 21. a4 Qxb5 22. Rb3 Qxa4 23. Kd1 Nxe3+ 24. Rxe3 Qa1+ 25. Kd2 Qd4+ 26. Rd3 Qf2+ 27. Kc3 Ra3+ 28. Kb2 Rxd3 29. Bf1 Rd2 30. Bd3 Rxd3 31. fxe5 dxe5 32. Rc1 Ba3+ 33. Kb1 Rb3+ 34. Ka1 Bxc1 35. g6 Qa7# 0-1

[Event "FIDE WCCC U10 2018"]
[Site "Santiago de Compostela"]
[Date "2018.11.04"]
[Round "1"]
[White "Antuna Pavon, Lucas"]
[Black "Atanasov, Anthony"]
[Result "0-1"]
[ECO "B90"]
[WhiteElo "1449"]
[BlackElo "1916"]
[Annotator "NA RC"]
[PlyCount "72"]
[EventDate "2018.11.04"]
[EventType "swiss"]
[EventCountry "ESP"]
[SourceTitle "playchess.com"]
[Source "ChessBase"]
[SourceQuality "1"]
[TimeControl "40/5400+30:1800+30"]

1. e4 c5 2. Nf3 d6 3. d4 cxd4 4. Nxd4 Nf6 5. Nc3 a6 6. Be3 e6 7. f4 b5 8. Qf3 Bb7 9. Bd3 Nbd7 10. a3 {[%emt 0:13:18] B82: Sicilian Scheveningen: 6 f4} Be7 (10... h5 11. O-O-O Rc8 12. Rhe1 Rxc3 13. bxc3 Nc5 14. Nb3 Na4 15. Nc5 dxc5 16. Bxb5+ axb5 17. Rxd8+ Kxd8 {0-1 (38) Sek,K (2476)-Antipov,M (2616) Yaroslavl 2018}) 11. g4 Nb6 12. g5 Nfd7 13. a4 $146 ({Predecessor:} 13. Qh3 d5 14. O-O-O Nf8 15. g6 Nxg6 16. exd5 Nxd5 17. Bxg6 Nxe3 18. Bxf7+ Kxf7 19. Qxe6+ {1-0 (26) Vavra,P (2299)-Navratil,J (1844) Liberec 2008}) 13... b4 14. Nce2 Rc8 15. Ng3 Nc5 16. a5 Nbd7 17. Bd2 d5 18. e5 Qc7 19. O-O Nxd3 20. cxd3 g6 21. Rfc1 Bc5 22. Nge2 Qd8 (22... Qb8 $14) 23. Kf1 h6 (23... O-O $14) 24. Qh3 Qe7 25. gxh6 Qf8 {[%emt 0:03:16] [#]} 26. Nb3 (26. f5 $1 $16) 26... Rxh6 27. Qg3 Qh8 $1 28. Nxc5 Nxc5 29. Bxb4 Rh3 30. Bxc5 $2 (30. Qg5 $11 {and White has nothing to worry.} Rh5 31. Qg3) 30... Rxg3 31. hxg3 Qh3+ 32. Ke1 $2 {[%emt 0:00:13] [#]} (32. Kf2 $17) 32... Rxc5 $1 33. Rxc5 Qh1+ 34. Kd2 Qxa1 35. b4 Qb2+ 36. Rc2 $19 Qxb4+ 0-1

[Event "FIDE WCCC U10 2018"]
[Site "Santiago de Compostela"]
[Date "2018.11.04"]
[Round "1"]
[White "Sainov, Sanzhar"]
[Black "Hagner, Bennet"]
[Result "0-1"]
[ECO "B15"]
[WhiteElo "1435"]
[BlackElo "1912"]
[Annotator "NA"]
[PlyCount "56"]
[EventDate "2018.11.04"]
[EventType "swiss"]
[EventCountry "ESP"]
[SourceTitle "playchess.com"]
[Source "ChessBase"]
[SourceQuality "1"]
[TimeControl "40/5400+30:1800+30"]

1. e4 c6 2. d4 d5 3. Nc3 dxe4 4. Nxe4 Nf6 5. Nxf6+ exf6 6. c3 {[%emt 0:00:56] LiveBook: 797 Games} Bf5 7. Bd3 {[%emt 0:00:54] B15: Caro-Kann: 3 Nc3: 3...g6 and 3...dxe4 4 Nxe4 Nf6 5 Nxf6+ exf6} Bxd3 8. Qxd3 Bd6 9. Ne2 (9. Qe3+ Qe7 10. Nf3 Nd7 11. Qxe7+ Kxe7 12. Be3 Nb6 13. O-O-O Kd7 14. Rhe1 Nd5 {½-½ (50) Wei,Y (2707)-Rapport,R (2717) Yancheng 2016}) 9... O-O 10. Be3 Na6 11. O-O $146 ({Predecessor:} 11. O-O-O Qa5 12. Kb1 Rfe8 13. Ng3 Nc7 14. Ne4 Bf8 {1-0 (55) Hector,J (2488)-Korley,K (2377) Copenhagen 2016}) 11... Nc7 12. Rac1 Ne6 13. c4 Rc8 14. Nc3 Re8 15. Rfe1 f5 16. Qxf5 Qh4 17. g3 Nxd4 (17... Qe7 {is a better defense.} 18. c5 Bc7) 18. Bxd4 Qxd4 19. Rxe8+ Rxe8 20. Rd1 Qe5 21. Qd7 Bc7 22. c5 f5 23. Qd4 Qxd4 24. Rxd4 Kf7 25. Kg2 Ke6 26. Rd2 Rd8 27. Re2+ Kf6 28. h3 $15 Be5 0-1

[Event "FIDE WCCC U10 2018"]
[Site "Santiago de Compostela"]
[Date "2018.11.08"]
[Round "4"]
[White "Royal, Shreyas"]
[Black "Cereijo Suarez, Alejandro"]
[Result "1-0"]
[ECO "A80"]
[WhiteElo "2048"]
[BlackElo "1575"]
[Annotator "NA RC"]
[PlyCount "139"]
[EventDate "2018.11.04"]
[EventType "swiss"]
[EventCountry "ESP"]
[SourceTitle "playchess.com"]
[Source "ChessBase"]
[SourceQuality "1"]
[TimeControl "40/5400+30:1800+30"]

1. d4 f5 2. Bg5 g6 3. Nc3 Bg7 4. e4 fxe4 5. Nxe4 d5 6. Ng3 c5 {[%emt 0:02:23] A80: Dutch Defence: Unusual White second moves} 7. Bb5+ Nc6 8. Bxc6+ bxc6 9. N1e2 cxd4 10. Nxd4 c5 11. Nde2 $146 ({Predecessor:} 11. Nb3 Nh6 12. Qd2 Nf7 13. O-O-O h6 14. Bxe7 Kxe7 {0-1 (27) De Santis,A (2356)-Galyas,M (2440) Budapest 1999}) 11... Bxb2 (11... Nh6 $17 12. c3 O-O) 12. Rb1 Bf6 13. Bxf6 Nxf6 14. O-O O-O 15. Rb5 (15. c4 $142) 15... Ne4 ({Better is} 15... Ba6 $17 16. Rxc5 Qb6) 16. Nxe4 dxe4 17. Qe1 ({White should play} 17. Rxc5 $15 Ba6 18. c4) 17... Rf5 18. Rb3 (18. Ra5 $11) 18... Ba6 19. Re3 Rh5 (19... Qd5 $17 20. Qc1 Raf8) 20. Rxe4 Bb7 {[%emt 0:02:03] [#]} 21. Re3 $1 Ba6 22. Ng3 Rd5 23. Rxe7 Kf8 24. Qe6 (24. Rxh7 $18 {is the precise move to win.} Kg8 25. Rh6 (25. Re7 Kf8 $18)) 24... Qxe7 25. Qxd5 Rd8 26. Qf3+ Qf7 27. Rd1 Rxd1+ (27... Qxf3 $14 28. Rxd8+ Ke7 29. gxf3 Kxd8) 28. Qxd1 Kg7 (28... Bc4 $16) 29. Qa1+ Qf6 30. Qxf6+ Kxf6 31. Ne4+ Ke5 32. Nxc5 Bc4 {[%emt 0:00:20] [#]} 33. Nb3 $1 Kd5 34. f4 (34. f3 $18) 34... Be2 35. Kf2 Bd1 36. Ke3 Bxc2 37. Nd2 Bd1 38. h3 (38. Ne4 $16 Kc4 39. Nf6) 38... h5 39. Kd3 Ba4 40. g4 hxg4 41. hxg4 Bd7 42. Ne4 Bc8 43. Nf6+ Ke6 44. g5 Kf5 45. Ke3 Be6 46. a3 Ba2 47. Ne8 Ke6 ({Black should try} 47... Bb1 $14) 48. Nc7+ Kf5 (48... Kd7 $1 $14 49. Nb5 a6) 49. Nb5 a5 50. Nd4+ Kg4 51. Ke4 Bb1+ {[%emt 0:00:25] [#]} 52. Ke5 $1 Bd3 {[%emt 0:00:35] [#]} 53. Nc6 $1 a4 54. Ne7 Bc2 {[%emt 0:00:40] [#]} 55. Nd5 (55. Ng8 $1 $18) 55... Bb1 $2 56. Nc3 (56. Kf6 $142) 56... Bc2 57. Ne4 Bb1 $2 (57... Bb3 $16 58. Nf6+ Kh4) 58. Nd6 (58. Nf6+ $18 Kf3 59. Nd5) 58... Bd3 $2 (58... Ba2 $14 59. Nc8 Bb1) 59. Nf7 $2 (59. f5 gxf5 60. g6) 59... Bb1 60. Nh6+ Kh5 $2 {[%emt 0:00:12] [#]} (60... Kg3 $16 61. f5 gxf5) 61. Kf6 $1 Bc2 62. f5 Bb1 63. fxg6 Bxg6 64. Nf5 Bh7 65. Ne7 Bc2 66. g6 Bb3 67. g7 Kg4 68. Ke5 Kf3 69. Kd4 Kf4 70. Nd5+ 1-0

[Event "FIDE WCCC U10 2018"]
[Site "Santiago de Compostela"]
[Date "2018.11.08"]
[Round "4"]
[White "Zhong, Kevin"]
[Black "Jin Yueheng"]
[Result "0-1"]
[ECO "B14"]
[WhiteElo "2038"]
[BlackElo "1914"]
[Annotator "NA RC"]
[PlyCount "131"]
[EventDate "2018.11.04"]
[EventType "swiss"]
[EventCountry "ESP"]
[SourceTitle "playchess.com"]
[Source "ChessBase"]
[SourceQuality "1"]
[TimeControl "40/5400+30:1800+30"]

1. e4 c6 2. d4 d5 3. exd5 cxd5 4. c4 Nf6 5. Nc3 e6 6. Nf3 Be7 7. cxd5 Nxd5 8. Bd3 Nc6 9. O-O O-O 10. Re1 Nf6 11. a3 b6 12. Bg5 Bb7 13. Bc2 Rc8 14. Qd3 g6 15. Rad1 Re8 {[%emt 0:03:48] LiveBook: 23 Games D42: Damengambit (Verbesserte Tarrasch-Verteidigung)} 16. Ba4 a6 {[%emt 0:02:47] [#]} (16... Nd5 $5 ) 17. Ne5 $146 ({Vorgänger:} 17. b4 Nd5 18. Nxd5 Qxd5 19. Bb3 Qd8 20. Qe3 Bxg5 21. Nxg5 Qf6 {1-0 (30) Korneev,O (2585)-Bautista Sanchez,J (2225) Solsones 2004}) 17... b5 (17... Nd5 $5 18. Bxc6 Bxc6 19. Nxc6 Rxc6 20. Nxd5 Qxd5 21. Bxe7 Rxe7 $11) 18. Bb3 Nd5 19. Bxd5 (19. Nxf7 $5 Kxf7 20. Qh3 Bxg5 21. Qxh7+ Kf8 22. Nxd5 $11) 19... Bxg5 20. Nxc6 Bxc6 21. Bxc6 Rxc6 22. Qe4 Rc4 23. Qb7 Qc8 24. Qf3 Rc7 25. d5 exd5 26. Rxe8+ Qxe8 27. Nxd5 Rd7 28. g3 Rd6 29. h4 Bd8 30. Kg2 Qd7 31. h5 Kf8 32. h6 Qc6 33. Qe4 Bg5 (33... f5 $5 34. Qf3 Bf6 $15) 34. b4 (34. Kh2 $11 {keeps the balance.} Qc5 35. Nc7) 34... Bxh6 35. Kh2 Bg5 36. Qe5 Bf6 37. Nxf6 (37. Qf4 $17) 37... Rxf6 38. Rd2 h5 39. Re2 (39. Rd8+ $17 {keeps fighting.} Kg7 40. f4) 39... Kg7 40. Rd2 Qe6 41. Qd4 Qf5 42. Kg1 Kh7 43. Re2 $1 Rc6 ({Black should play} 43... Re6 $17 44. Re3 Rxe3 45. Qxe3 g5) 44. Kg2 Qf6 45. Qd2 (45. Qxf6 $17 {keeps fighting.} Rxf6 46. f4) 45... Qd6 (45... Rc3 $19 {and Black stays clearly on top.} 46. Qd5 Rxa3) 46. Qb2 Qd5+ 47. Kh2 Qd7 48. Rd2 Qe7 49. Re2 Qf6 50. Qd2 (50. Qxf6 $142 Rxf6 51. f4) 50... Qf5 51. Qd4 Rf6 $2 ({Black should play} 51... Rc4 $19 52. Qb2 h4) 52. Kg1 Kg7 53. Re1 Qf3 54. Qb2 Qc6 55. Rc1 Qe6 56. Rd1 Qe7 57. Rd2 Kh7 58. Re2 Qd6 59. Rd2 Qb6 60. Kh2 (60. Qb3 $17) 60... Rf3 61. Re2 Qf6 (61... Qc7 $19 {and Black stays clearly on top.} 62. Re3 Rxe3 63. fxe3 h4) 62. Qa2 $2 h4 63. Kg2 hxg3 64. fxg3 Kg7 65. a4 $2 (65. Qd5 Rxa3 66. Rc2) 65... Qc3 66. Qb2 $19 0-1

[Event "FIDE WCCC U10 2018"]
[Site "Santiago de Compostela"]
[Date "2018.11.08"]
[Round "4"]
[White "Kadam Om Manish"]
[Black "Tabuenca Mendataurigoitia, Dani"]
[Result "1-0"]
[ECO "C03"]
[WhiteElo "2025"]
[BlackElo "1648"]
[Annotator "NA RC"]
[PlyCount "85"]
[EventDate "2018.11.04"]
[EventType "swiss"]
[EventCountry "ESP"]
[SourceTitle "playchess.com"]
[Source "ChessBase"]
[SourceQuality "1"]
[TimeControl "40/5400+30:1800+30"]

1. e4 e6 2. d4 d5 3. Nd2 Nc6 4. c3 e5 5. Ne2 {[%emt 0:24:39] C04: French Tarrasch: 3...Nc6} (5. dxe5 dxe4 6. Qe2 Bf5 7. Nxe4 Qd5 8. Ng3 Bg6 9. Nh3 O-O-O 10. Nf4 Qxe5 11. Qxe5 Nxe5 12. Be2 Nf6 13. O-O Bc5 14. Nxg6 hxg6 {0-1 (101) Karjakin,S (2775)-Grischuk,A (2764) Moscow 2012}) 5... Nf6 6. exd5 Nxd5 7. Nb3 $146 ({Predecessor:} 7. c4 Ndb4 8. Ne4 Bf5 9. N2g3 Bxe4 10. Nxe4 Qxd4 11. Ng3 Qxd1+ 12. Kxd1 O-O-O+ {0-1 (20) Crismann,A-Gheorghiu,C (1897) Kemer 2009}) 7... Bf5 (7... Qe7 $11) 8. Ng3 Bg6 9. dxe5 Nxe5 {[%emt 0:01:26] [#]} (9... Qd7 $16 {kämpft weiter.}) 10. f4 $1 Nc6 11. f5 Bd6 12. fxg6 hxg6 13. Qe2+ Nce7 $2 (13... Kf8 $16 {keeps fighting.} 14. Qf2 (14. Ne4 Qh4+ 15. g3 Bxg3+ 16. Kd1 Re8 $11) 14... Qh4) 14. Ne4 Be5 15. Bd2 c6 16. O-O-O b5 17. g3 a5 18. Nec5 Qc7 19. Bg2 O-O 20. Rhe1 Bd6 21. Ne4 a4 22. Nd4 a3 23. b3 Be5 24. Nc5 Bxd4 25. cxd4 Nf5 26. Qe5 Qxe5 27. dxe5 Nd4 28. Bxd5 cxd5 29. Bc3 Nf5 30. Rxd5 Rac8 31. b4 Ne7 32. Rd7 Nc6 33. e6 f6 34. Kc2 Rfe8 35. Kb3 Kf8 36. g4 g5 37. h4 Nb8 38. Rf7+ Kg8 39. hxg5 Nc6 40. gxf6 gxf6 41. Bxf6 Nd8 42. Rg7+ Kh8 43. Rh1# 1-0

[Event "FIDE WCCC U10 2018"]
[Site "Santiago de Compostela"]
[Date "2018.11.08"]
[Round "4"]
[White "Xue, Haowen"]
[Black "Clarkson, George"]
[Result "1/2-1/2"]
[ECO "E62"]
[WhiteElo "2025"]
[BlackElo "1552"]
[Annotator "NA RC"]
[PlyCount "44"]
[EventDate "2018.11.04"]
[EventType "swiss"]
[EventCountry "ESP"]
[SourceTitle "playchess.com"]
[Source "ChessBase"]
[SourceQuality "1"]
[TimeControl "40/5400+30:1800+30"]

1. d4 g6 2. g3 Bg7 3. Bg2 d6 4. Nf3 Nf6 5. O-O O-O 6. c4 c6 7. Nc3 Bf5 8. Ne1 Be6 9. d5 {[%emt 0:03:01] E62: King's Indian: Fianchetto: 6...c6 and Panno Variation (6...Nc6) without ...a6} cxd5 10. cxd5 Bd7 {[%emt 0:00:07] LiveBook: 62 Games} 11. Nd3 (11. Be3 a5 12. Bd4 Na6 13. Nd3 b5 14. a3 b4 15. axb4 Nxb4 16. Qd2 Rb8 17. Nxb4 Rxb4 {0-1 (57) Ding,L (2774)-Carlsen,M (2837) Saint Louis 2017}) 11... Qc7 $146 ({Predecessor:} 11... Na6 12. a4 Qa5 13. Bd2 Rfc8 14. Nb5 Qd8 15. Qb3 Ng4 16. Rfc1 Ne5 17. Rxc8 Bxc8 18. Nxe5 {½-½ (40) Fressinet,L (2667)-Vocaturo,D (2598) Barcelona 2017}) 12. Bd2 Rc8 13. Rc1 Qd8 14. b4 Ng4 15. Qb3 b5 16. Bh3 Qb6 17. Kg2 ({Better is} 17. a4 $14) 17... Ne5 18. Nxe5 Bxh3+ 19. Kxh3 Bxe5 20. f4 Bg7 21. a4 a6 22. a5 $1 Qa7 $11 1/2-1/2

[Event "FIDE WCCC U10 2018"]
[Site "Santiago de Compostela"]
[Date "2018.11.08"]
[Round "4"]
[White "Xiao, Tong"]
[Black "Nemsadze, Daviti"]
[Result "1-0"]
[ECO "B34"]
[WhiteElo "2022"]
[BlackElo "1762"]
[Annotator "NA RC"]
[PlyCount "83"]
[EventDate "2018.11.04"]
[EventType "swiss"]
[EventCountry "ESP"]
[SourceTitle "playchess.com"]
[Source "ChessBase"]
[SourceQuality "1"]
[TimeControl "40/5400+30:1800+30"]

1. e4 c5 2. Nf3 Nc6 3. d4 cxd4 4. Nxd4 Nf6 5. Nc3 e5 6. Ndb5 Bb4 7. a3 {B33: Sicilian: Pelikan and Sveshnikov Variations} Bxc3+ {LiveBook: 6 Games} 8. Nxc3 d6 9. Bg5 Be6 10. Nb5 O-O 11. Qxd6 Nxe4 $2 $146 ({Predecessor:} 11... Qb6 $1 $14 12. Qc7 (12. Be3 Qa5+ 13. Qd2 Qxd2+ 14. Bxd2 Nxe4 {1-0 (49) Wilczek,T (2366)-Bortkun,E (2212) ICCF email 2006}) 12... Nxe4) 12. Qxd8 Nxd8 13. Be7 Re8 {[#]} 14. Nc7 (14. Bb4 $1 $18 {and White stays clearly on top.}) 14... Rxe7 15. Nxa8 Nc6 16. f3 Nd4 17. Bd3 ({Günstiger ist} 17. Rc1 $14 Nd6 18. c3) 17... Nc5 18. O-O-O Nxd3+ 19. Rxd3 Bf5 20. Rd2 Re8 $2 ({Lieber} 20... f6 $11) 21. Nc7 Rc8 22. Nd5 Kf8 23. Nc3 Ke7 24. Re1 Kf6 {[#]} 25. f4 $1 Rc5 $2 (25... Nc6 {is a better defense.} 26. fxe5+ Kg6 27. Rd6+ Be6) 26. fxe5+ Rxe5 27. Rf1 ({Lieber nicht} 27. Rxd4 Rxe1+ 28. Rd1 Rxd1+ 29. Nxd1 g5 $11) 27... Ne6 28. g4 g6 29. gxf5 gxf5 30. Nd5+ Kg5 31. Rg2+ Kh6 32. Nf6 Ng5 33. h4 Ne6 34. h5 Ng5 35. Rfg1 Nh3 36. Ng8+ (36. Rh1 $142 Ng5 37. Ng8+ Kg7 38. Rxg5+ Kf8 39. Nf6) 36... Kxh5 37. Nf6+ Kh6 38. Rh1 Re3 39. Kd2 Rf3 40. Ke2 Re3+ 41. Kxe3 f4+ 42. Ke4 1-0